 Dungeon Crawl Stone Soup version 0.27.1-34-g3ba077fa99 (webtiles) character file.

Game seed: 6461986652827950377

191 cbfl8 the Sneak (level 5, 0/47 HPs)
             Began as a Minotaur Delver on Jan 23, 2022.
             Succumbed to a kobold's poison
             ... on level 2 of the Dungeon.
             The game lasted 00:04:10 (1995 turns).

cbfl8 the Sneak (Minotaur Delver)                   Turns: 1995, Time: 00:04:10

Health: 0/47       AC:  6    Str: 16    XL:     5   Next: 42%
Magic:  4/4        EV: 11    Int:  8    God:
Gold:   109        SH:  0    Dex: 12    Spells: 4/4 levels left

rFire    . . .     SeeInvis .   a - +0 hand axe
rCold    . . .     Faith    .   (no shield)
rNeg     . . .     Spirit   .   v - +0 ring mail
rPois    .         Reflect  .   (helmet restricted)
rElec    .         Harm     .   (no cloak)
rCorr    .         Rampage  .   i - +0 pair of gloves
Will     .....                  (no boots)
Stlth    ++........             (no amulet)
HPRegen  0.15/turn              (no ring)
MPRegen  0.09/turn              (no ring)

@: lethally poisoned (0 -> -5)
A: horns 2, retaliatory headbutt
a: no special abilities


You were on level 2 of the Dungeon.
You visited 1 branch of the dungeon, and saw 5 of its levels.

You collected 109 gold pieces.

Inventory:

Hand Weapons
 a - a +0 hand axe (weapon)
 x - a +0 hunting sling
Missiles
 l - 16 poisoned darts (quivered)
 p - 57 arrows
 t - 45 stones
Armour
 b - a +0 leather armour
 i - a +0 pair of gloves (worn)
 v - a +0 ring mail (worn)
Wands
 g - a wand of digging (3)
Scrolls
 c - 2 scrolls of fog
 d - a scroll of magic mapping
 e - a scroll of fear
 h - a scroll of immolation {unknown}
 k - 2 scrolls of enchant armour {unknown}
 m - a scroll of noise {unknown}
 n - a scroll of torment {unknown}
 r - 2 scrolls of teleportation {unknown}
 u - 3 scrolls of identify {unknown}
Potions
 f - a potion of haste
 j - 2 potions of heal wounds {unknown}
 o - a potion of magic {unknown}
 q - 2 potions of degeneration {unknown}
 s - a potion of curing {unknown}
 w - a potion of mutation {unknown}


   Skills:
 + Level 4.3 Fighting
 + Level 4.7 Axes
 + Level 2.1 Armour
 + Level 2.5 Dodging
 + Level 4.8 Stealth


You had 4 spell levels left.
You didn't know any spells.
Your spell library contained the following spells:

 Spells                   Type           Power      Damage    Failure   Level
 Summon Forest            Summ/Tloc      0%         N/A       100%        5
 Eringya's Noxious Bog    Tmut/Pois      0%         N/A       100%        6
 Summon Hydra             Summ           0%         N/A       100%        7


Dungeon Overview and Level Annotations

Branches:
Dungeon (5/15)
 Temple: D:4-7

Altars:


Innate Abilities, Weirdness & Mutations

You have a pair of horns on your head.
You reflexively headbutt those who attack you in melee.


Message History

You closely miss the kobold. The kobold barely misses you.
You hit the kobold.
You kill the kobold!
You barely miss the hobgoblin. The hobgoblin closely misses you.
The hobgoblin hits you but does no damage.
Things that are here:
a +0 dagger; a kobold corpse The kobold hits you with a +2 dagger of venom.
You are poisoned.
The hobgoblin closely misses you.
You feel sick. The kobold hits you but does no damage.
You are more poisoned.
You feel very sick. The kobold hits you but does no damage.
You are more poisoned.
You feel very sick.
You feel very sick.
The kobold hits you with a +2 dagger of venom.
You are lethally poisoned!
You feel very sick.
You feel very sick.
* * * LOW HITPOINT WARNING * * *
You feel very sick.
* * * LOW HITPOINT WARNING * * *
You feel very sick.
* * * LOW HITPOINT WARNING * * *
You feel sick.
You hit the hobgoblin but do no damage.
* * * LOW HITPOINT WARNING * * *
You feel sick.
The hobgoblin hits you but does no damage.
You completely miss the hobgoblin. You hit the kobold.
* * * LOW HITPOINT WARNING * * *
You feel sick. The hobgoblin hits you.
* * * LOW HITPOINT WARNING * * *
The kobold hits you but does no damage.
You hit the hobgoblin.
The hobgoblin is moderately wounded.
You closely miss the kobold.
You die...

#.....## #.##.#..
#.....# #.##.#.#
#.....# #.##.#.##
#.....# #.##.#.#<
#.....# #........
#.....# ####.#.##
#.....# #.#... #...gK#
#.#... #...@.# #.#.##
.........# #.#..
####...###### #.###
#.... ...# #..
#....####.############
#....#<...............
#....#.##.############
##....#.##.# #......
......#'##'####
#.#...#


You could see a hobgoblin and a kobold.

Vanquished Creatures
  A black bear (D:2)
  4 adders
  An adder skeleton (D:4)
  2 worms (D:2)
  A dart slug (D:2)
  5 bats
  4 endoplasms
  2 giant cockroaches (D:1)
  4 goblins
  5 hobgoblins
  6 jackals
  6 kobolds
  2 quokkas
  5 ball pythons
  A frilled lizard (D:1)
  4 rats
53 creatures vanquished.

Notes
Turn   | Place    | Note
-------+----------+-------------------------------------------
     0 | D:5      | cbfl8 the Minotaur Delver began the quest for the Orb.
     0 | D:5      | Reached XP level 1. HP: 19/19 MP: 0/0
   150 | D:3      | Reached XP level 2. HP: 24/27 MP: 1/1
   363 | D:1      | Reached XP level 3. HP: 30/33 MP: 2/2
   505 | D:1      | Found a faded altar of an unknown god.
  1409 | D:2      | Reached skill level 1 in Armour
  1501 | D:2      | Reached XP level 4. HP: 35/40 MP: 3/3
  1926 | D:2      | Noticed a black bear
  1935 | D:2      | Killed a black bear
  1936 | D:2      | Reached XP level 5. HP: 39/47 MP: 4/4
  1994 | D:2      | HP: 2/47 [hobgoblin (4)]
  1995 | D:2      | Succumbed to a kobold's poison

Illustrated notes

Levels and vault maps discovered:
D:1:      dpeg_arrival_round_b, layout_basic,
          hellmonk_ecumenical_altar_arch_garden, serial_glass, glass_columns_c,
          glass_columns_a, hex_medium
D:2:      layout_basic, minmay_hexomino_c4
D:3:      layout_rooms, serial_rivers, chequers_serial_rivers_micro_d,
          chequers_serial_rivers_large_b, chequers_serial_rivers_micro_c,
          chequers_serial_rivers_small_b, chequers_serial_rivers_marsh,
          chequers_serial_rivers_marsh, uniq_crazy_yiuf_cottage, uniq_jessica
D:4:      layout_cave_pools
D:5:      layout_gridville, chequers_temple_overflow_statue_of_worship,
          minmay_hedge_maze, nicolae_underground_beach

Skill      XL: |  1  2  3  4 |
---------------+-------------+-----
Axes           | 3 4 |  4.7
Armour         | 1 2 |  2.1
Fighting       | 4 |  4.3
Dodging        | |  2.5
Stealth        | |  4.8

Action                   |  1- 3 |  4- 6 || total
-------------------------+-------+-------++-------
Melee: Hand axe          |    76 |    40 ||   116
       Headbutt          |    11 |     5 ||    16
 Stab: Sleeping          |     4 |       ||     4
Armor: Leather armour    |    26 |       ||    26
       Ring mail         |       |    12 ||    12
Dodge: Dodged            |    67 |    30 ||    97
